 Dungeon Crawl Stone Soup version 0.22-a0-252-gcace5d2d35 (webtiles) character file.

20509 Peterchen the Executioner (level 12, -21/135 HPs)
             Began as a Minotaur Berserker on Feb 28, 2018.
             Was an Elder of Trog.
             Shot with a bolt by a yaktaur (24 damage)
             ... on level 13 of the Dungeon on Mar 1, 2018.
             The game lasted 00:33:45 (11386 turns).

Peterchen the Executioner (Minotaur Berserker)     Turns: 11386, Time: 00:33:46

Health: -21/135    AC: 15    Str: 33    XL:     12   Next: 46%
Magic:  3/3        EV: 12    Int:  4    God:    Trog [****..]
Gold:   443        SH:  0    Dex:  9    Spells: 11/11 levels left

rFire    + . .     SeeInvis .   z - +2 battleaxe (antimagic)
rCold    + . .     Gourm    .   (shield currently unavailable)
rNeg     . . .     Faith    .   A - +0 plate armour
rPois    .         Spirit   .   (helmet restricted)
rElec    +         Reflect  .   x - +1 cloak of Starlight {rElec rC+ EV+4 Stlth--}
rCorr    .         Harm     +   (no gloves)
MR       +....                  t - +1 pair of boots
Stlth    ..........             y - amulet of harm
HPRegen  0.32/turn              C - ring of protection from fire
MPRegen  0.08/turn              m - ring of protection from magic

@: berserking, very quick
A: retaliatory headbutt, horns 2
a: Berserk, Trog's Hand, Brothers in Arms, Renounce Religion


You were on level 13 of the Dungeon.
You worshipped Trog.
Trog was greatly pleased with you.
You were not hungry.

You visited 2 branches of the dungeon, and saw 13 of its levels.

You collected 749 gold pieces.
You spent 306 gold pieces at shops.

Inventory:

Hand Weapons
 z - a +2 antimagic battleaxe (weapon)
Armour
 t - a +1 pair of boots (worn)
 x - the +1 cloak of Starlight (worn) {rElec rC+ EV+4 Stlth--}
   (You found it on level 6 of the Dungeon)

   It affects your evasion (+4).
   It protects you from cold.
   It insulates you from electricity.
   It makes you much less stealthy.
 A - a +0 plate armour (worn)
Jewellery
 m - a ring of protection from magic (right hand)
 w - an uncursed ring of ice
 y - an amulet of harm (around neck)
 C - a ring of protection from fire (left hand)
Wands
 H - a wand of random effects (54)
Scrolls
 b - 3 scrolls of enchant armour
 d - a scroll of fear
 e - a scroll of magic mapping {unknown}
 f - 7 scrolls of remove curse
 s - 4 scrolls of enchant weapon {unknown}
 v - 5 scrolls of teleportation
 D - a scroll of torment {unknown}
 E - a scroll of summoning {unknown}
 G - 2 scrolls of identify
Potions
 a - 5 potions of curing
 g - a potion of ambrosia {unknown}
 h - 2 potions of agility {unknown}
 i - a potion of mutation {unknown}
 k - a potion of heal wounds {unknown}
 l - a potion of magic {unknown}
 o - a potion of brilliance {unknown}
 q - 3 potions of haste
 r - 2 potions of cancellation {unknown}
 u - 2 potions of flight {unknown}
 B - 4 potions of lignification {unknown}
 F - 2 potions of degeneration {unknown}
Miscellaneous
 j - a lamp of fire
Comestibles
 c - 21 rations
 n - 4 chunks of flesh


   Skills:
 - Level 3.6 Fighting
 * Level 22.1 Axes
 - Level 2.4 Armour
 - Level 2.1 Dodging


You had 11 spell levels left.
You didn't know any spells.

Dungeon Overview and Level Annotations

Branches:
Dungeon (13/15)            Temple (1/1) D:6            Lair (0/6) D:8
    Orc: D:9-12      Vaults: D:13-14

Altars:
Ashenzari
Cheibriados
Dithmenos
Elyvilon
Fedhas
Gozag
Hepliaklqana
Kikubaaqudgha
Makhleb
Nemelex Xobeh
Okawaru
Qazlal
Ru
Sif Muna
Trog
Uskayaw
Vehumet
Wu Jian
Xom
Yredelemnul
Zin
The Shining One

Shops:
D:7 ?   D:13 *

Annotations:
D:2 1 runed door


Innate Abilities, Weirdness & Mutations

You reflexively headbutt those who attack you in melee.
You have a pair of horns on your head.


Message History

The orc knight is almost dead.
You closely miss the skeletal warrior. You closely miss the orc knight.
The orc knight is almost dead.
You hit the skeletal warrior but do no damage.
The skeletal warrior hits you with a glaive!
* * * LOW HITPOINT WARNING * * *
The orc knight hits you with a broad axe!
* * * LOW HITPOINT WARNING * * *
You slash the orc knight!
You kill the orc knight!
Trog accepts your kill.
Your Axes skill increases to level 22!
You slice the skeletal warrior!! You slash the skeletal warrior!
You feel the power of Trog in you as your rage grows.
You destroy the skeletal warrior!
Trog accepts your kill.
The yaktaur shoots a bolt.
The bolt hits you!!
You die...

########)[#######..#....#
#hO# #..'....# #((#
#..#....# #).# ####....#
.#..# #..#....# ......
#..#...>#
.#..#.#####..#....#
.......)......#....#
.......c)@....##....###
###.#..#.#####...........
...... #..###..###. #..
#.......... #.
#........... #
#..######### #..# #..#
...#


You could see a yaktaur.

Vanquished Creatures
  Azrael (D:12)
  Erolcha (D:13)
  A centaur warrior (D:12)
  4 two-headed ogres
  An ogre mage (D:13)
  A skeletal warrior (D:13)
  An unseen horror (D:12)
  Pikel (D:7)
  An orc knight (D:13)
  An elephant (D:7)
  Joseph (D:7)
  Grinder (D:3)
  5 trolls
  A queen bee (D:9)
  4 hippogriffs
  A shadow (D:9)
  9 yaks
  Eustachio (D:6)
  4 vampire mosquitoes (D:12)
  3 fire elementals (D:13)
  2 hungry ghosts
  3 basilisks
  Edmund (D:4)
  A soldier ant (D:13)
  3 hell hounds (D:13)
  A water moccasin (D:6)
  A sky beast (D:7)
  A black bear (D:9)
  4 ice beasts
  8 orc warriors
  A phantom (D:5)
  An eye of draining (D:9)
  A necrophage (D:12)
  5 ogres
  A crocodile (D:8)
  7 centaurs
  2 big kobolds
  2 bullfrogs
  A gnoll sergeant (D:6)
  3 scorpions
  24 killer bees
  5 wights
  2 vampire bats (D:6)
  4 crimson imps
  A bullfrog zombie (D:10)
  A quasit (D:7)
  2 hounds (D:7)
  3 jellies
  A gnoll shaman (D:7)
  8 orc priests
  2 centaur skeletons
  4 iguanas
  10 orc wizards
  3 bullfrog skeletons
  5 worker ants
  A hound zombie (D:6)
  10 gnolls
  3 adders
  A shadow imp (D:7)
  An adder skeleton (D:5)
  An adder zombie (D:5)
  5 worms
  2 dart slugs
  3 leopard geckos
  29 orcs
  11 bats
  3 giant cockroaches
  8 goblins
  6 hobgoblins
  4 jackals
  14 kobolds
  3 quokkas
  2 frilled lizards
  2 jackal skeletons (D:4)
  A quokka skeleton (D:9)
  9 rats
286 creatures vanquished.

Vanquished Creatures (collateral kills)
  A manticore (D:12)
  A yaktaur (D:13)
  A centaur skeleton (D:12)
3 creatures vanquished.

Vanquished Creatures (others)
  A centaur (D:7)
  2 howler monkeys (D:7)
  An orc (D:7)
  2 jackals (D:7)
6 creatures vanquished.

Grand Total: 295 creatures vanquished

Notes
Turn   | Place    | Note
-------+----------+-------------------------------------------
     0 | D:1      | Peterchen the Minotaur Berserker began the quest for the Orb.
     0 | D:1      | Reached XP level 1. HP: 19/19 MP: 0/0
    68 | D:1      | Reached skill level 4 in Axes
    95 | D:1      | Reached XP level 2. HP: 18/26 MP: 1/1
   328 | D:1      | Reached ** piety under Trog
   353 | D:1      | Reached skill level 5 in Axes
   678 | D:1      | Reached XP level 3. HP: 31/31 MP: 2/2
  1407 | D:2      | Found a runed door.
  1476 | D:2      | You fall through a shaft!
  1820 | D:3      | Noticed a moth of wrath
  1822 | D:3      | Found a bloodstained altar of Trog.
  1889 | D:3      | Noticed Grinder
  1899 | D:3      | Killed Grinder
  1899 | D:3      | Reached skill level 8 in Axes
  1899 | D:3      | Reached XP level 4. HP: 6/39 MP: 3/3
  1899 | D:3      | Reached XP level 5. HP: 7/45 MP: 4/4
  2110 | D:3      | Reached XP level 6. HP: 44/51 MP: 5/5
  2352 | D:3      | Found an iron altar of Okawaru.
  2353 | D:3      | Found a sparkling altar of Nemelex Xobeh.
  2355 | D:3      | Found a shattered altar of Ashenzari.
  2518 | D:4      | Found a hide-covered altar of Uskayaw.
  2519 | D:4      | Noticed a hand axe
  2520 | D:4      | Noticed a dagger
  2643 | D:4      | Reached skill level 9 in Axes
  3073 | D:4      | Found a shattered altar of Ashenzari.
  3075 | D:4      | Noticed Edmund
  3131 | D:4      | Killed Edmund
  3131 | D:4      | Reached skill level 10 in Axes
  3131 | D:4      | Reached XP level 7. HP: 57/57 MP: 6/6
  3644 | D:5      | Entered Level 5 of the Dungeon
  3869 | D:5      | Found Zin's Purification Station.
  3872 | D:5      | Found a glowing silver altar of Zin.
  3875 | D:5      | Bought a potion of curing for 90 gold pieces
  4040 | D:5      | Reached skill level 11 in Axes
  4369 | D:5      | Found a bloodstained altar of Trog.
  4371 | D:5      | Found a blossoming altar of Fedhas.
  4371 | D:5      | Found a snail-covered altar of Cheibriados.
  4371 | D:5      | Found a basalt altar of Yredelemnul.
  4371 | D:5      | Found a white marble altar of Elyvilon.
  4375 | D:5      | Found a shadowy altar of Dithmenos.
  4376 | D:5      | Found a burning altar of Makhleb.
  4377 | D:5      | Found an ancient bone altar of Kikubaaqudgha.
  4596 | D:6      | Found the +1 cloak of Starlight {rElec rC+ EV+4 Stlth--}
  4606 | D:6      | Reached XP level 8. HP: 63/64 MP: 7/7
  4771 | D:6      | Reached *** piety under Trog
  4774 | D:6      | Reached skill level 12 in Axes
  5018 | D:6      | Noticed Eustachio
  5026 | D:6      | Killed Eustachio
  5384 | D:6      | Found a staircase to the Ecumenical Temple.
  5427 | D:6      | Found the +4 Vampire's Tooth {vamp}
  5427 | D:6      | Reached skill level 13 in Axes
  5462 | Temple   | Entered the Ecumenical Temple
  5733 | D:7      | Noticed Pikel
  5757 | D:7      | Killed Pikel
  5757 | D:7      | Reached skill level 14 in Axes
  5757 | D:7      | Reached XP level 9. HP: 58/70 MP: 8/8
  5803 | D:7      | Noticed Joseph
  5812 | D:7      | Killed Joseph
  6123 | D:7      | Reached skill level 15 in Axes
  6280 | D:7      | Found Qajiutod's Magic Scroll Shop.
  6326 | D:7      | Bought a scroll of teleportation for 48 gold pieces
  6326 | D:7      | Bought a scroll of blinking for 120 gold pieces
  6326 | D:7      | Bought a scroll of teleportation for 48 gold pieces
  6429 | D:7      | Reached skill level 16 in Axes
  6632 | D:8      | Reached **** piety under Trog
  6700 | D:8      | Reached XP level 10. HP: 77/77 MP: 9/9
  6721 | D:8      | Noticed a two-headed ogre
  6728 | D:8      | Killed a two-headed ogre
  6749 | D:8      | Noticed an elephant
  6750 | D:8      | Found a staircase to the Lair.
  6766 | D:7      | Killed an elephant
  6766 | D:7      | Reached skill level 17 in Axes
  7043 | D:8      | Noticed a two-headed ogre
  7050 | D:8      | Killed a two-headed ogre
  7237 | D:8      | Reached skill level 18 in Axes
  7339 | D:8      | HP: 3/77 [poisoned by a killer bee]
  7893 | D:9      | Reached XP level 11. HP: 64/82 MP: 0/10
  7907 | D:9      | Reached ***** piety under Trog
  8162 | D:9      | Reached skill level 19 in Axes
  8227 | D:9      | Received a gift from Trog
  8295 | D:9      | Noticed a two-headed ogre
  8307 | D:9      | Killed a two-headed ogre
  8329 | D:9      | Found a blossoming altar of Fedhas.
  8720 | D:10     | Entered Level 10 of the Dungeon
  8855 | D:10     | You fall through a shaft for 2 floors!
  8953 | D:12     | Found a sacrificial altar of Ru.
  9006 | D:12     | Reached skill level 20 in Axes
  9012 | D:12     | Noticed an unseen horror
  9015 | D:12     | Killed an unseen horror
  9140 | D:12     | Noticed a centaur warrior
  9538 | D:12     | Killed a centaur warrior
  9575 | D:13     | Noticed Erolcha
  9583 | D:13     | Killed Erolcha
  9596 | D:13     | Noticed a two-headed ogre
  9893 | D:13     | Reached skill level 21 in Axes
  9896 | D:13     | Reached XP level 12. HP: 90/90 MP: 3/11
  9898 | D:13     | Killed a two-headed ogre
 10086 | D:13     | Noticed an ogre mage
 10101 | D:13     | Killed an ogre mage
 10551 | D:13     | Noticed Azrael
 11014 | D:12     | Killed Azrael
 11267 | D:13     | Found Xisayrph's Elemental Accessories.
 11384 | D:13     | HP: 3/135 [orc knight/broad axe (14)]
 11385 | D:13     | Reached skill level 22 in Axes
 11386 | D:13     | Shot with a bolt by a yaktaur

Vault maps used:
D:1:      roderic_chinese_lattice_arrival, hangedman_feature_mirror,
          interstate_on_off, minmay_tetromino_l2
D:2:      first_ration, grunt_ministairs_13, uniq_crazy_yiuf_cottage,
          uniq_terence, uniq_sigmund
D:3:      grunt_temple_overflow_open, tgw_trog, uniq_grinder
D:4:      minmay_opposing_rooms, dancing_weapons_uskayaw,
          nicolae_ashenzari_panopticon, uniq_edmund
D:5:      zin_purify, minitemple
D:6:      minmay_temple_entry_enclosed_plants, minmay_misc_feat_secret_circle,
          minmay_guarded_unrand_vampires_tooth, uniq_eustachio
D:7:      serial_shops, nicolae_shop_behind_doors, uniq_joseph, uniq_pikel
D:8:      david_lair_generic
D:9:      basic_altar, david_nohive_1
D:10:     zombieorc1_lemuel, kennysheep_just_a_vault, uniq_sonja,
          uniq_josephine, uniq_urug
D:12:     nicolae_ru_sacrificial_ziggurat
D:13:     hangedman_vaults_entry_quadrant_bands, nicolae_elemental_shop,
          uniq_azrael, uniq_erolcha, uniq_frances, uniq_kirke
Temple:   jpeg_temple_island

Skill      XL: |  1  2  3  4  5  6  7  8  9 10 11 12 |
---------------+-------------------------------------+-----
Axes           | 4 5 8 10 11 14 16 18 21 22 | 22.1
Fighting       | |  3.6
Armour         | |  2.4
Dodging        | |  2.1

Action                   |  1- 3 |  4- 6 |  7- 9 | 10-12 || total
-------------------------+-------+-------+-------+-------++-------
Melee: Hand axe          |    68 |       |       |       ||    68
       Headbutt          |     9 |    11 |    50 |    57 ||   127
       War axe           |    19 |    46 |   273 |   200 ||   538
       Battleaxe         |       |       |       |   193 ||   193
Invok: Berserk           |     3 |     1 |     2 |    13 ||    19
       Trog's Hand       |       |     1 |     1 |     6 ||     8
       Brothers in Arms  |       |       |       |     3 ||     3
Evoke: Wand              |       |       |       |     1 ||     1
  Use: Scroll            |     4 |       |     4 |     6 ||    14
       Potion            |       |       |     2 |       ||     2
 Stab: Sleeping          |     1 |       |       |       ||     1
  Eat: Chunk             |     5 |     5 |    15 |    25 ||    50
       Ration            |       |       |       |     2 ||     2
Armor: Animal skin       |    11 |       |       |       ||    11
       Chain mail        |       |    13 |   114 |    13 ||   140
       Plate armour      |       |       |       |   203 ||   203
Dodge: Dodged            |    51 |    16 |   134 |   233 ||   434
Block: Buckler           |     9 |     9 |    29 |    23 ||    70

Table legend:
 A = Spawn XP
 B = Non-spawn XP
 C = Spawn XP percentage of total XP
 D = Spawn monster count
 E = Non-spawn monster count
 F = Spawn count percentage of total count
 G = Total turns spent on level
                    A         B        C        D         E        F      G
               +---------+---------+-------+---------+---------+-------+---------
         Total |       0 |   29299 |   0.0 |       0 |     289 |   0.0 | 11386
               +---------+---------+-------+---------+---------+-------+---------
           D:1 |       0 |      48 |   0.0 |       0 |      28 |   0.0 |  1091
           D:2 |       0 |      19 |   0.0 |       0 |       7 |   0.0 |   385
           D:3 |       0 |     322 |   0.0 |       0 |      16 |   0.0 |  1034
           D:4 |       0 |     513 |   0.0 |       0 |      17 |   0.0 |  1134
           D:5 |       0 |     416 |   0.0 |       0 |       9 |   0.0 |   922
           D:6 |       0 |     977 |   0.0 |       0 |      24 |   0.0 |  1144
           D:7 |       0 |    3505 |   0.0 |       0 |      40 |   0.0 |   694
           D:8 |       0 |    3478 |   0.0 |       0 |      31 |   0.0 |  1146
           D:9 |       0 |    5411 |   0.0 |       0 |      46 |   0.0 |   947
          D:10 |       0 |     359 |   0.0 |       0 |       8 |   0.0 |   135
          D:12 |       0 |    6563 |   0.0 |       0 |      35 |   0.0 |  2194
          D:13 |       0 |    7688 |   0.0 |       0 |      28 |   0.0 |   337
               +---------+---------+-------+---------+---------+-------+---------
